 Dungeon Crawl Stone Soup version 0.28-a0-1382-g92835e5c71 (webtiles) character file.

Game seed: 6250218722708742261

17657 ryw the Fighter (level 11, 0/101 HPs)
             Began as a Demigod Fighter on Jan 1, 2022.
             Slain by a spark wasp (17 damage)
             ... on level 2 of the Lair of Beasts.
             The game lasted 00:27:45 (12450 turns).

ryw the Fighter (Demigod Fighter)                  Turns: 12450, Time: 00:27:46

Health: 0/101      AC: 19    Str: 29    XL:     11   Next: 94%
Magic:  14/14      EV: 13    Int: 10    God:
Gold:   801        SH: 16    Dex: 13    Spells: 10/10 levels left

rFire   . . .      SeeInvis .   b - +1 war axe (vamp)
rCold   . . .      Faith    .   h - +0 kite shield
rNeg    + . .      Spirit   .   g - +2 pearl dragon scales
rPois   .          Reflect  +   u - +0 helmet
rElec   .          Harm     .   K - scarf {+Inv}
rCorr   .          Rampage  .   M - +0 pair of gloves
Will    +....                   (no boots)
Stlth   ..........              f - amulet of reflection
HPRegen 0.26/turn               r - +4 ring of slaying
MPRegen 0.14/turn               A - +4 ring of evasion

@: no status effects
A: high mp 1, forlorn, divine attributes
a: Evoke Invisibility


You were on level 2 of the Lair of Beasts.
You visited 2 branches of the dungeon, and saw 13 of its levels.

You collected 801 gold pieces.

Inventory:

Hand Weapons
 b - a +1 vampiric war axe (weapon)
 s - a +0 war axe of freezing
 G - a +0 broad axe
Missiles
 n - 48 poisoned darts (quivered)
 y - 4 curare-tipped darts
Armour
 g - +2 pearl dragon scales (worn)
 h - a +0 kite shield (worn)
 u - a +0 helmet (worn)
 K - a scarf of invisibility (worn)
 M - a +0 pair of gloves (worn)
Jewellery
 d - an amulet of magic regeneration
 f - an amulet of reflection (around neck)
 j - a ring of protection from cold
 l - an amulet of regeneration
 o - a ring of see invisible
 r - a +4 ring of slaying (left hand)
 z - a +4 ring of protection
 A - a +4 ring of evasion (right hand)
 C - a ring of protection from fire
Wands
 a - a wand of mindburst (3)
 v - a wand of polymorph (11)
 F - a wand of flame (17)
 H - a wand of paralysis (4)
Scrolls
 e - 2 scrolls of fear
 m - 3 scrolls of enchant weapon
 p - 2 scrolls of teleportation
 t - a scroll of identify
 x - 3 scrolls of blinking
 B - a scroll of silence
 J - a scroll of amnesia
 O - a scroll of brand weapon {unknown}
Potions
 c - 3 potions of heal wounds
 i - 6 potions of curing
 k - 2 potions of attraction
 q - a potion of resistance
 w - a potion of ambrosia
 D - a potion of brilliance
 E - a potion of lignification
 I - a potion of mutation
 L - a potion of might
 N - 2 potions of flight {unknown}


   Skills:
 + Level 10.6 Fighting
 * Level 9.2 Axes
 + Level 9.4 Armour
 * Level 9.3 Shields
 + Level 2.1 Evocations


You had 10 spell levels left.
You didn't know any spells.
Your spell library contained the following spells:

 Spells                   Type           Power      Damage    Failure   Level
 Sandblast                Erth           0%         2d4       86%         1
 Blink                    Tloc           0%         N/A       95%         2
 Corpse Rot               Necr/Air       0%         N/A       95%         2
 Passwall                 Tmut/Erth      0%         N/A       95%         2
 Gell's Gravitas          Tloc           0%         N/A       99%         3
 Stone Arrow              Conj/Erth      0%         3d7       99%         3
 Swiftness                Air            0%         N/A       99%         3
 Teleport Other           Tloc           0%         N/A       99%         3
 Dispel Undead            Necr           0%         3d6       100%        4
 Manifold Assault         Tloc           0%         N/A       100%        5
 Conjure Ball Lightning   Conj/Air       0%         3x3d6     100%        6
 Death Channel            Necr           0%         N/A       100%        6
 Dispersal                Tloc           0%         N/A       100%        6
 Storm Form               Tmut/Air       0%         N/A       100%        7
 Discord                  Hex            0%         N/A       100%        8
 Disjunction              Tloc           0%         N/A       100%        8


Dungeon Overview and Level Annotations

Branches:
Dungeon (11/15)            Temple (0/1) D:6            Lair (2/6) D:11
 Spider (0/4) Lair:2
  Swamp: Lair:2-4    Shoals: Lair:2-4     Snake: Lair:2-4       Orc: D:9-12

Annotations:
D:9 1 runed translucent door
Lair:1 1 transporter, damiac's ghost, journeyman TrTm


Innate Abilities, Weirdness & Mutations

You have an increased reservoir of magic. (+10% MP)
You shall have no god before yourself.
Your divine heritage dramatically boosts your attributes as you level up.


Message History

You barely miss the spark wasp.
The spark wasp is lightly wounded.
The spark wasp closely misses you. The spark wasp barely misses you.
You slash the spark wasp!
You feel better.
The spark wasp is lightly wounded.
The spark wasp stings you but does no damage. x2
You closely miss the spark wasp.
The spark wasp is lightly wounded.
The spark wasp stings you but does no damage.
You closely miss the spark wasp.
The spark wasp is lightly wounded.
The spark wasp misses you. You block the spark wasp's attack.
You completely miss the spark wasp.
The spark wasp is lightly wounded.
The spark wasp stings you!!
* * * LOW HITPOINT WARNING * * *
The spark wasp shocks you!
* * * LOW HITPOINT WARNING * * *
You block the spark wasp's attack.
You feel much better. You block the spark wasp's attack.
You closely miss the spark wasp.
The spark wasp is lightly wounded.
You block the spark wasp's attack. x2
Your shield prevents you from hitting the spark wasp.
The spark wasp is lightly wounded.
You block the spark wasp's attack. The spark wasp barely misses you.
You miss the spark wasp.
The spark wasp is lightly wounded.
The spark wasp stings you!
* * * LOW HITPOINT WARNING * * *
The spark wasp shocks you!
* * * LOW HITPOINT WARNING * * *
Unknown command.
You are too injured to fight recklessly!
Unknown command.
You feel much better. The spark wasp barely misses you.
The spark wasp stings you.
* * * LOW HITPOINT WARNING * * *
The spark wasp shocks you!
You die...

.........###.....#.#...###.#..#..
.........# ......#..............
..#......# .....................
##.......# #####...............>
##P..##..# ###................
P##..##...#####.#...........^...#
......#..#.#...................#.
P...###..##......?............###
....# #.P##@.#..........#.# ....#
......y...###.....)#### ....#
#....#########.....# #...# ....
.#..#.....# #...####.#..
.........## ...........
.........P# #.........
..#.P....## #...##... #..#....#
##..##### >.... ###.....#


You could see a spark wasp.

Vanquished Creatures
  A boulder beetle (D:11)
  2 two-headed ogres (D:11)
  Urug (D:10)
  Nergalle (D:11)
  Sonja (D:11)
  2 cyclopes
  A manticore (D:11)
  3 gargoyles (D:11)
  2 kobold demonologists (D:11)
  A komodo dragon (D:11)
  2 trolls
  Grinder (D:5)
  6 jumping spiders (Lair:2)
  2 wyverns
  Eustachio (D:5)
  15 yaks
  A steam dragon (D:11)
  A basilisk (D:11)
  4 vampire mosquitoes (D:10)
  4 redbacks (Lair:2)
  An acid dragon (D:10)
  3 water moccasins
  A black bear (D:4)
  2 sky beasts
  3 necrophages
  4 orc warriors
  A centaur (D:8)
  3 wolves
  4 kobold brigands
  9 bullfrogs
  A gnoll sergeant (D:6)
  14 scorpions
  A wyvern skeleton (D:6)
  10 killer bees
  8 wights
  A crimson imp (D:6)
  5 centaur zombies
  6 orc priests
  A hound (D:4)
  Crazy Yiuf (D:3)
  6 iguanas
  4 orc wizards
  A killer bee zombie (D:6)
  A hound skeleton (D:4)
  3 howler monkey zombies (D:9)
  4 gnolls (D:6)
  10 adders
  A shadow imp (D:6)
  3 white imps
  An ufetubus (D:4)
  A worm (D:2)
  2 dart slugs
  21 orcs
  7 ball pythons
  12 endoplasms
  5 giant cockroaches (D:9)
  10 goblins
  8 hobgoblins
  5 jackals
  7 quokkas
  9 bats
  4 frilled lizards
  2 goblin skeletons (D:6)
  2 goblin zombies (D:6)
  5 hobgoblin zombies (D:6)
  16 kobolds
  3 orc zombies (D:6)
  6 rats
  A butterfly (D:9)
291 creatures vanquished.

Vanquished Creatures (others)
  13 fungi
  4 plants
17 creatures vanquished.

Grand Total: 308 creatures vanquished

Notes
Turn   | Place    | Note
-------+----------+-------------------------------------------
     0 | D:1      | ryw the Demigod Fighter began the quest for the Orb.
     0 | D:1      | Reached XP level 1. HP: 18/18 MP: 3/3
   473 | D:1      | Reached XP level 2. HP: 25/25 MP: 4/4
   503 | D:1      | Reached skill level 3 in Fighting
   915 | D:2      | Reached XP level 3. HP: 28/31 MP: 5/5
  1528 | D:2      | Reached skill level 4 in Fighting
  1828 | D:3      | Reached XP level 4. HP: 40/40 MP: 6/6
  2740 | D:3      | Found a runed translucent door.
  2741 | D:3      | Noticed Crazy Yiuf
  2746 | D:3      | Killed Crazy Yiuf
  2747 | D:3      | Reached skill level 5 in Fighting
  2747 | D:3      | Reached XP level 5. HP: 48/48 MP: 7/7
  2942 | D:4      | Noticed a black bear
  2946 | D:4      | Killed a black bear
  2947 | D:4      | Reached XP level 6. HP: 57/57 MP: 8/8
  2951 | D:4      | Reached skill level 6 in Fighting
  3516 | D:4      | Reached XP level 7. HP: 61/64 MP: 9/9
  3760 | D:5      | Entered Level 5 of the Dungeon
  3842 | D:5      | Noticed Grinder
  3850 | D:5      | Paralysed by Grinder for 6 turns
  3861 | D:5      | Killed Grinder
  3862 | D:5      | Reached skill level 7 in Fighting
  3915 | D:5      | Reached skill level 5 in Armour
  4110 | D:5      | Noticed Eustachio
  4120 | D:5      | Killed Eustachio
  4200 | D:5      | Reached XP level 8. HP: 74/74 MP: 10/10
  4370 | D:5      | Identified a scroll of acquirement
  4370 | D:5      | Acquired +2 pearl dragon scales
  4509 | D:6      | Reached skill level 8 in Fighting
  4584 | D:6      | Found a staircase to the Ecumenical Temple.
  5578 | D:7      | Acquired a +1 vampiric war axe
  6294 | D:8      | Reached XP level 9. HP: 75/81 MP: 11/11
  6404 | D:8      | Reached skill level 9 in Fighting
  6534 | D:8      | Noticed a cyclops
  6542 | D:8      | Killed a cyclops
  6543 | D:8      | Reached skill level 5 in Axes
  6543 | D:8      | Reached skill level 5 in Shields
  7648 | D:9      | Found a runed translucent door.
  7650 | D:9      | Found a runed translucent door.
  7669 | D:9      | Reached XP level 10. HP: 60/91 MP: 13/13
  8118 | D:10     | Entered Level 10 of the Dungeon
  8118 | D:10     | Noticed Urug
  8390 | D:10     | Killed Urug
  9045 | D:11     | Noticed a cyclops
  9053 | D:11     | Killed a cyclops
  9118 | D:11     | Noticed a boulder beetle
  9170 | D:11     | Killed a boulder beetle
  9171 | D:11     | Reached skill level 10 in Fighting
  9171 | D:11     | Reached XP level 11. HP: 92/99 MP: 14/14
  9214 | D:11     | Noticed a two-headed ogre
  9228 | D:11     | Killed a two-headed ogre
  9433 | D:11     | Noticed Sonja
  9468 | D:11     | Killed Sonja
 10168 | D:11     | Noticed a two-headed ogre
 10176 | D:11     | Killed a two-headed ogre
 10368 | D:11     | Noticed Nergalle
 10386 | D:11     | Killed Nergalle
 10387 | D:11     | Reached skill level 1 in Evocations
 10537 | D:11     | Found a staircase to the Lair.
 10589 | Lair:1   | Entered Level 1 of the Lair of Beasts
 10591 | Lair:1   | Identified the amulet "Tanwiq" {RegenMP rF- rN++}
 10622 | Lair:1   | Found a transporter.
 10622 | Lair:1   | Noticed damiac's ghost (journeyman TrTm)
 10879 | Lair:1   | Noticed a four-headed hydra
 11645 | Lair:2   | Found a hole to the Spider Nest.
 12427 | Lair:2   | Noticed a five-headed hydra
 12428 | Lair:2   | Noticed a spark wasp
 12428 | Lair:2   | a five-headed hydra changed into a spark wasp
 12449 | Lair:2   | HP: 3/101 [spark wasp (15)]
 12450 | Lair:2   | Slain by a spark wasp

Illustrated notes

Levels and vault maps discovered:
D:1:      ncdulo_smallfort, layout_rooms, serial_forest,
          infiniplex_forest_lined_room_, infiniplex_forest_straight_2,
          infiniplex_forest_end_2, infiniplex_forest_corner_1,
          infiniplex_forest_join, infiniplex_forest_straight_4,
          infiniplex_forest_lined_corner, infiniplex_forest_clump_tiny
D:2:      layout_rooms
D:3:      layout_basic, amcnicky_altar_gilded, nicolae_overflow_hidden_temple,
          mainiacjoe_overflow_surrounded_room, minmay_misc_feat_five,
          minmay_joined_circles, uniq_crazy_yiuf_cottage
D:4:      old_forge, layout_basic
D:5:      layout_gridville, uniq_eustachio, uniq_grinder
D:6:      corexii_shack_village, layout_cave_pods, nicolae_tso_besieged_by_evil,
          minmay_temple_entry_nine_rooms
D:7:      layout_loops_ring, okawaru_metal_pillars_3,
          mainiacjoe_overflow_six_doors_small, minmay_misc_feat_tiny,
          kennysheep_nondescript
D:8:      layout_gridville
D:9:      lemuel_insect_pit, layout_cave_pods, kennysheep_mini,
          nicolae_wu_jian_glorious_leap, doesnt_xom_only_xom,
          overflow_temple_1_default
D:10:     layout_irregular_city, serial_undead, serial_undead_d,
          serial_undead_c, serial_undead_e, serial_undead_f, minmay_liquid_box,
          uniq_urug
D:11:     layout_small_grid, erik_lair_dragon, minmay_hedge_maze, uniq_nergalle,
          uniq_sonja
Lair:1:   layout_cave_pods, gammafunk_ghost_berserking_beasts
Lair:2:   layout_gridlike, nicolae_spider_entry_tight_spaces, st_stairs_4,
          nicolae_lair_lil_pond

Skill      XL: |  1  2  3  4  5  6  7  8  9 10 11 |
---------------+----------------------------------+-----
Axes           | 2 3 5 7 9 |  9.2
Fighting       | 3 4 5 6 7 8 9 10 | 10.6
Armour         | 3 4 5 7 8 9 |  9.4
Shields        | 3 5 7 9 |  9.3
Evocations     | 2 |  2.1

Action                   |  1- 3 |  4- 6 |  7- 9 | 10-12 || total
-------------------------+-------+-------+-------+-------++-------
Melee: War axe           |   153 |    74 |   151 |   465 ||   843
       Quarterstaff      |       |    46 |   138 |       ||   184
Throw: Dart              |       |       |     1 |       ||     1
Evoke: Wand              |       |       |       |     9 ||     9
  Use: Potion            |       |     4 |       |     4 ||     8
       Scroll            |       |       |    16 |     7 ||    23
 Stab: Confused          |       |       |     1 |       ||     1
       Distracted        |       |       |       |     1 ||     1
Armor: Scale mail        |    53 |    72 |    20 |       ||   145
       Skin              |       |       |     1 |       ||     1
       Pearl dragon scal |       |       |   138 |   245 ||   383
Dodge: Dodged            |    48 |    65 |   213 |   253 ||   579
Block: Buckler           |     8 |       |       |       ||     8
       Kite shield       |   119 |    41 |   113 |   422 ||   695
       Reflection        |       |       |       |     2 ||     2

Table legend: (Time is in decaauts)
 A = Elapsed time spent in this place.
 B = Non-inter-level travel time spent in this place.
 C = Inter-level travel time spent in this place.
 D = Time resting spent in this place.
 E = Time spent auto-exploring this place.
 F = Levels seen in this place.
 G = Mean time per level.
                   A        B        C        D        E       F      G
               +--------+--------+--------+--------+--------+-----+--------+
         Total |  12821 |  12358 |    463 |   1253 |   8548 |  13 |  986.2 |
       Dungeon |  10933 |  10470 |    463 |    414 |   7848 |  11 |  993.9 |
          Lair |   1888 |   1888 |      0 |    839 |    700 |   2 |  944.0 |
               +--------+--------+--------+--------+--------+-----+--------+

Top non-repeatable levels by time:
    D:11: 1612 daAuts
     D:3: 1252 daAuts
     D:6: 1162 daAuts
  Lair:2: 1127 daAuts
     D:9: 1023 daAuts
     D:8: 947 daAuts
     D:1: 945 daAuts
    D:10: 932 daAuts
     D:4: 925 daAuts
     D:2: 784 daAuts
  Lair:1: 760 daAuts
     D:7: 690 daAuts
     D:5: 656 daAuts
